 Dungeon Crawl Stone Soup version 0.18-a0-49-gd105b5a (webtiles) character file.

927 MrRokkomies the Skirmisher (level 8, 0/67 HPs)
             Began as a Formicid Assassin on Nov 7, 2015.
             Slain by a troll (12 damage)
             ... on level 11 of the Dungeon.
             The game lasted 00:08:23 (1958 turns).

MrRokkomies the Skirmisher (Formicid Assassin)      Turns: 1958, Time: 00:08:23

Health: 0/67       AC:  6    Str: 16    XL:     8   Next: 32%
Magic:  8/8        EV: 14    Int: 13    God:
Gold:   82         SH:  0    Dex: 12    Spells: 0 memorised, 7 levels left

rFire  + + .     SeeInvis +     a - +0 dagger (venom)
rCold  x . .     Clarity  .     e - +2 leather armour {rF+}
rNeg   . . .     SustAt   .     (no shield)
rPois  .         Gourm    .     (helmet unavailable)
rElec  .         Spirit   .     d - +0 cloak
rCorr  .         Warding  .     (no gloves)
rMut   .         Stasis   +     (no boots)
MR     .....                    (no amulet)
Stlth  +++.......               (no ring)
                                y - ring of fire

@: not resistant to hostile enchantments, fairly stealthy
A: permanent stasis, dig shafts and tunnels, four strong arms, antennae 3
a: Dig, Shaft Self


You were on level 11 of the Dungeon.
You were hungry.

You visited 1 branch of the dungeon, and saw 6 of its levels.

You collected 145 gold pieces.
You spent 63 gold pieces at shops.

Inventory:

Hand Weapons
 a - a +0 dagger of venom (weapon)
 b - a +0 blowgun
Armour
 d - a +0 cloak (worn)
 e - a +2 leather armour of fire resistance (worn)
Jewellery
 y - a ring of fire (left hand)
Potions
 j - a potion of brilliance
 q - 2 potions of cure mutation
Books
 l - a book of Fire

   Spells                             Type                      Level
   a - Ignite Poison                  Fire/Transmutation/Poison    3
   b - Fireball                       Conjuration/Fire             5
   c - Bolt of Fire                   Conjuration/Fire             6
   d - Delayed Fireball               Conjuration/Fire             7
   e - Ring of Flames                 Charms/Fire                  7
 v - a book of the Warp

   Spells                             Type                      Level
   a - Recall                         Summoning/Translocation      3
   b - Gell's Gravitas                Hexes/Translocation          3
   c - Force Lance                    Conjuration/Translocation    4
   d - Phase Shift                    Translocation                5
   e - Warp Weapon                    Charms/Translocation         5
   f - Summon Forest                  Summoning/Translocation      5
Comestibles
 g - 4 bread rations
 i - 3 beef jerkies
 k - 7 slices of pizza
 o - a meat ration
 r - 6 fruits


   Skills:
 * Level 7.0 Fighting
 - Level 2.1 Short Blades
 - Level 2.0 Throwing
 * Level 5.5 Dodging
 - Level 5.5 Stealth


You had 7 spell levels left.
You didn't know any spells.

Dungeon Overview and Level Annotations

Branches:
Dungeon (11/15)
 Temple: D:4-7         Lair: D:8-11         Orc: D:9-12

Altars:

Shops:
D:7 %?!


Innate Abilities, Weirdness & Mutations

You are under a permanent stasis effect.
You can dig through walls and to a lower floor.
Your four strong arms can wield two-handed weapons with a shield.
You have a pair of large antennae on your head (SInv).


Message History

The troll bites you.
* * * LOW HITPOINT WARNING * * *
The troll claws you!
* * * LOW HITPOINT WARNING * * *
The troll barely misses you. The troll misses you. The troll barely misses you.
The troll barely misses you.
Found 19 stones.
You see here 19 stones.
You aren't carrying any items that can be evoked.
Read which item? (? for menu, Esc to quit)
Okay, then.
Drink which item? (? for menu, Esc to quit)
You feel better. The troll bites you but does no damage. The troll claws you.
* * * LOW HITPOINT WARNING * * *
The troll claws you.
* * * LOW HITPOINT WARNING * * *
Drink which item? (? for menu, Esc to quit)
It was a potion of cure mutation.
It has a very clean taste.
The troll barely misses you. The troll claws you!
You die...

### #.. #.# #########
####.#
#.(.....#####....#
#T####.##...#)#### ###@#
#.##.#.#.#### #....)..<#
#....#...#...
##........###########.##
#..(((.(.'...........#
#........#############
#........# ####....##
#.##.# #


You could see a troll.

Vanquished Creatures
  A yak (D:7)
  A hog (D:7)
  A human (D:7)
  An ogre (D:7)
  2 giant frogs (D:7)
  A big kobold (D:8)
  2 scorpions (D:7)
  A hound (D:7)
  A worker ant (D:7)
  2 sheep (D:7)
  An adder (D:7)
  4 orcs (D:7)
  A kobold (D:8)
19 creatures vanquished.

Notes
Turn   | Place    | Note
--------------------------------------------------------------
     0 | D:1      | MrRokkomies the Formicid Assassin began the quest for the Orb.
     0 | D:1      | Reached XP level 1. HP: 16/16 MP: 1/1
     3 | D:1      | You fall through a shaft!
     6 | D:2      | You fall through a shaft for 2 floors!
    11 | D:4      | You fall through a shaft for 3 floors!
    11 | D:7      | Noticed a worker ant
    17 | D:7      | Killed a worker ant
    17 | D:7      | Reached skill level 5 in Stealth
    17 | D:7      | Reached XP level 2. HP: 22/22 MP: 2/2
    17 | D:7      | Reached XP level 3. HP: 27/27 MP: 3/3
    82 | D:7      | Noticed a giant frog
   104 | D:7      | Killed a giant frog
   104 | D:7      | Reached XP level 4. HP: 30/35 MP: 4/4
   134 | D:7      | Noticed an ogre
   143 | D:7      | Reached XP level 5. HP: 10/42 MP: 5/5
   173 | D:7      | Found Diqik's Food Emporium.
   220 | D:7      | Killed an ogre
   220 | D:7      | Reached XP level 6. HP: 14/49 MP: 6/6
   641 | D:7      | Found Kyxkesel's Distillery.
   662 | D:7      | Bought a potion of curing for 39 gold pieces
   721 | D:7      | Reached skill level 5 in Fighting
   944 | D:7      | Noticed a yak
   944 | D:7      | Noticed a human
   944 | D:7      | Noticed a hog
   978 | D:7      | Killed a human
   978 | D:7      | Reached XP level 7. HP: 52/56 MP: 7/7
  1081 | D:7      | Killed a hog
  1081 | D:7      | Reached skill level 6 in Fighting
  1225 | D:7      | Killed a yak
  1225 | D:7      | Reached skill level 5 in Dodging
  1225 | D:7      | Reached XP level 8. HP: 49/65 MP: 8/8
  1253 | D:7      | Found Serurchoata's Magic Scroll Shoppe.
  1261 | D:7      | Bought a scroll of identify for 24 gold pieces
  1568 | D:8      | Reached skill level 7 in Fighting
  1599 | D:8      | You fall through a shaft for 3 floors!
  1877 | D:11     | Noticed a troll
  1958 | D:11     | Slain by a troll

Vault maps used:
D:1:      saegor_arrival_simple_a, minmay_misc_feat_pillars
D:2:      minmay_rat_gold_closets, uniq_sigmund
D:4:      temple_green
D:7:      serial_shops, shop_statue, nicolae_shop_stone, shop, grunt_livestock
D:8:      lair_0_dummy, tgw_kikubaaqudgha

Action                   |  1- 3 |  4- 6 |  7- 9 || total
-------------------------+-------+-------+-------++-------
Melee: Dagger            |       |    14 |    45 ||    59
 Fire: Blowgun           |     7 |    24 |    21 ||    52
 Abil: Shaft Self        |     3 |       |     1 ||     4
  Use: Scroll            |       |       |     5 ||     5
       Potion            |       |       |     2 ||     2
 Stab: Sleeping          |     1 |     2 |     1 ||     4
  Eat: Chunk             |       |     1 |     3 ||     4
